SA
WALLA WALLA WALLEYE @ GRAND FORKS CATERPILLARS
07/28/2027
 
TOP OF THE 1ST
Walla Walla Walleye batting - Pitching for Grand Forks Caterpillars : LHP Awad Mahmudnizhad
Pitching: LHP Awad Mahmudnizhad
Batting: LHB Javier Reyes 0-0: Called Strike
0-1: Swinging Strike
0-2: SINGLE (Line Drive, 7S)
Batting: RHB Nelson Jaramillo 0-0: Ball
1-0: Grounds into double play, 6-4-3 (Groundball, 56)
Batting: RHB Taylor Landis 0-0: Ball
1-0: Ball
2-0: Ball
3-0: Base on Balls
Batting: LHB Rim Hong-Do 0-0: SINGLE (Flyball, 8LS)
Taylor Landis to second
Batting: RHB José Mercado 0-0: Ball
1-0: Ball
2-0: Foul Ball, location: 2F
2-1: Called Strike
2-2: Ball
3-2: Base on Balls
Taylor Landis to third
Rim Hong-Do to second
Batting: LHB Gareth Monahan 0-0: Called Strike
0-1: Called Strike
0-2: Strikes out swinging
Top of the 1st over - 0 run(s), 2 hit(s), 0 error(s), 3 left on base; Walla Walla 0 - Grand Forks 0
BOTTOM OF THE 1ST
Grand Forks Caterpillars batting - Pitching for Walla Walla Walleye : RHP Luis Bustamante
Pitching: RHP Luis Bustamante
Batting: SHB Leo Szilard 0-0: Ball
1-0: Ground out 4-3 (Groundball, 34)
Batting: RHB Craig Tricket 0-0: Ball
1-0: Ball
2-0: Ball
3-0: Called Strike
3-1: Swinging Strike
3-2: Base on Balls
Batting: LHB Alberto Garza 0-0: Called Strike
0-1: Foul Ball, location: 2F
0-2: Ball
1-2: Ball
2-2: Strikes out looking
Batting: RHB Wu-shiun Wang 0-0: Ball
1-0: Foul Ball, location: 2F
1-1: Ball
Wild Pitch!
Craig Tricket to second
2-1: Fly out, F8 (Flyball, 8LM)
Bottom of the 1st over - 0 run(s), 0 hit(s), 0 error(s), 1 left on base; Walla Walla 0 - Grand Forks 0
TOP OF THE 2ND
Walla Walla Walleye batting - Pitching for Grand Forks Caterpillars : LHP Awad Mahmudnizhad
Batting: RHB Shuichi Saito 0-0: Ball
1-0: Called Strike
1-1: Called Strike
1-2: Ball
2-2: Fly out, F8 (Flyball, 8RS)
Batting: RHB Leonardo Medina 0-0: Fly out, F4 (Popup, 3D)
Batting: RHB Cody Jaeckel 0-0: Fly out, F9 (Flyball, 89D)
Top of the 2nd over - 0 run(s), 0 hit(s), 0 error(s), 0 left on base; Walla Walla 0 - Grand Forks 0
BOTTOM OF THE 2ND
Grand Forks Caterpillars batting - Pitching for Walla Walla Walleye : RHP Luis Bustamante
Batting: LHB Gary Malone 0-0: Swinging Strike
0-1: Ball
1-1: Ball
2-1: Swinging Strike
2-2: Strikes out swinging
Batting: LHB Michael Woodard 0-0: Called Strike
0-1: Ball
1-1: Ball
2-1: Ball
3-1: Called Strike
3-2: DOUBLE (Line Drive, 9LD)
Batting: RHB Elvis Norfleet 0-0: Ball
1-0: Called Strike
1-1: Ball
2-1: Called Strike
2-2: Ball
3-2: Foul Ball, location: 2F
3-2: Strikes out swinging
Batting: LHB Mike Goff 0-0: Ball
1-0: Ball
2-0: Ball
3-0: Base on Balls
Batting: RHB Dolla Head 0-0: Called Strike
0-1: Fly out, F8 (Flyball, 8RM)
Bottom of the 2nd over - 0 run(s), 1 hit(s), 0 error(s), 2 left on base; Walla Walla 0 - Grand Forks 0
TOP OF THE 3RD
Walla Walla Walleye batting - Pitching for Grand Forks Caterpillars : LHP Awad Mahmudnizhad
Batting: LHB Javier Reyes 0-0: Ball
1-0: SINGLE (Groundball, 4MD)
Batting: RHB Nelson Jaramillo 0-0: Ball
1-0: Ball
2-0: Ball
3-0: Base on Balls
Javier Reyes to second
Batting: RHB Taylor Landis 0-0: Grounds into double play, 6-4-3 (Groundball, 6)
Javier Reyes to third
Batting: LHB Rim Hong-Do 0-0: Ground out 1-3 (Groundball, P)
Top of the 3rd over - 0 run(s), 1 hit(s), 0 error(s), 1 left on base; Walla Walla 0 - Grand Forks 0
BOTTOM OF THE 3RD
Grand Forks Caterpillars batting - Pitching for Walla Walla Walleye : RHP Luis Bustamante
Batting: SHB Leo Szilard 0-0: Ball
1-0: Ground out 6-3 (Groundball, 6MS)
Batting: RHB Craig Tricket 0-0: Ball
1-0: Swinging Strike
1-1: SINGLE (Line Drive, 78S)
Batting: LHB Alberto Garza 0-0: Called Strike
0-1: Foul Ball, location: 2F
0-2: Strikes out looking
Batting: RHB Wu-shiun Wang 0-0: Called Strike
0-1: Ball
1-1: Ball
2-1: Fielders Choice at 2nd, 6-4 (Groundball, 6)
Bottom of the 3rd over - 0 run(s), 1 hit(s), 0 error(s), 0 left on base; Walla Walla 0 - Grand Forks 0
TOP OF THE 4TH
Walla Walla Walleye batting - Pitching for Grand Forks Caterpillars : LHP Awad Mahmudnizhad
Batting: RHB José Mercado 0-0: Ball
1-0: Called Strike
1-1: Swinging Strike
1-2: Foul Ball, location: 2F
1-2: Strikes out swinging
Batting: LHB Gareth Monahan 0-0: Ball
1-0: Ball
2-0: Ball
3-0: Base on Balls
Batting: RHB Shuichi Saito 0-0: Ball
1-0: Ball
2-0: SINGLE (Groundball, 56D)
Gareth Monahan to second
Batting: RHB Leonardo Medina 0-0: Foul Ball, location: 2F
0-1: Ball
1-1: Ball
2-1: Foul Ball, location: 2F
2-2: Ball
3-2: Base on Balls
Gareth Monahan to third
Shuichi Saito to second
Batting: RHB Cody Jaeckel 0-0: Ball
1-0: Ball
2-0: SINGLE (Groundball, 56D)
Gareth Monahan scores
Shuichi Saito to third
Leonardo Medina to second
Runner from 3rd tries for Home, SAFE, throw made at trailing runner, SAFE at third!
Batting: LHB Javier Reyes 0-0: Foul Ball, location: 2F
0-1: Ball
1-1: Foul Ball, location: 2F
1-2: SINGLE (Groundball, 56D)
Leonardo Medina scores
Cody Jaeckel to second
Batting: RHB Nelson Jaramillo 0-0: Swinging Strike
0-1: Ball
1-1: Ground out 5-3 (Groundball, 56S)
Cody Jaeckel to third
Javier Reyes to second
Batting: RHB Taylor Landis 0-0: Fly out, F6 (Line Drive, 6)
Top of the 4th over - 3 run(s), 3 hit(s), 0 error(s), 2 left on base; Walla Walla 3 - Grand Forks 0
BOTTOM OF THE 4TH
Grand Forks Caterpillars batting - Pitching for Walla Walla Walleye : RHP Luis Bustamante
Batting: LHB Gary Malone 0-0: Ball
1-0: Called Strike
1-1: Ball
2-1: Ball
3-1: Base on Balls
Batting: LHB Michael Woodard 0-0: Ball
1-0: Foul Ball, location: 2F
1-1: Ball
2-1: Foul Ball, location: 2F
2-2: Ball
3-2: Foul Ball, location: 2F
3-2: Foul Ball, location: 2F
3-2: Foul Ball, location: 2F
3-2: Base on Balls
Gary Malone to second
Batting: RHB Elvis Norfleet 0-0: Fly out, F8 (Flyball, 8LM)
Batting: LHB Mike Goff 0-0: Foul Ball, location: 2F
0-1: Foul Ball, location: 2F
0-2: Ball
1-2: Ball
2-2: Ball
3-2: Foul Ball, location: 2F
3-2: SINGLE (Line Drive, 9LS)
Gary Malone to third
Michael Woodard to second
Batting: RHB Dolla Head 0-0: Ball
1-0: Ball
2-0: Called Strike
2-1: Grounds into double play, 5-4-3 (Groundball, 5)
Bottom of the 4th over - 0 run(s), 1 hit(s), 0 error(s), 2 left on base; Walla Walla 3 - Grand Forks 0
TOP OF THE 5TH
Walla Walla Walleye batting - Pitching for Grand Forks Caterpillars : LHP Awad Mahmudnizhad
Batting: LHB Rim Hong-Do 0-0: Called Strike
0-1: Foul Ball, location: 2F
0-2: Foul Ball, location: 2F
0-2: Ball
1-2: Ball
2-2: Strikes out swinging
Batting: RHB José Mercado 0-0: Ball
1-0: Swinging Strike
1-1: DOUBLE (Line Drive, 89D)
Batting: LHB Gareth Monahan 0-0: Intentional Walk
Batting: RHB Shuichi Saito 0-0: Called Strike
0-1: Foul Ball, location: 2F
0-2: Strikes out swinging
Batting: RHB Leonardo Medina 0-0: Ball
1-0: Ball
2-0: Foul Ball, location: 2F
2-1: Swinging Strike
2-2: Ball
3-2: DOUBLE (Groundball, 5L)
José Mercado scores
Gareth Monahan to third
Gareth Monahan scores
Pitching: LHP Gilberto Blanca
Batting: RHB Cody Jaeckel 0-0: Foul Ball, location: 2F
0-1: Ball
1-1: Foul Ball, location: 2F
1-2: Ball
2-2: Ball
3-2: SINGLE (Groundball, 6MD)
Leonardo Medina to third
Leonardo Medina scores
Batting: LHB Javier Reyes 0-0: Called Strike
Cody Jaeckel steals 2nd base
0-1: Ball
1-1: Foul Ball, location: 2F
1-2: Foul Ball, location: 2F
1-2: Ground out 6-3 (Groundball, 6)
Top of the 5th over - 3 run(s), 3 hit(s), 0 error(s), 1 left on base; Walla Walla 6 - Grand Forks 0
BOTTOM OF THE 5TH
Grand Forks Caterpillars batting - Pitching for Walla Walla Walleye : RHP Luis Bustamante
Batting: SHB Leo Szilard 0-0: Ball
1-0: Foul Ball, location: 2F
1-1: Ball
2-1: Fly out, F8 (Flyball, 78D)
Batting: RHB Craig Tricket 0-0: Ball
1-0: Foul Ball, location: 2F
1-1: Ball
2-1: Ball
3-1: Fly out, F7 (Flyball, 78M)
Batting: LHB Alberto Garza 0-0: Ball
1-0: Called Strike
1-1: Foul Ball, location: 2F
1-2: Ball
2-2: Strikes out swinging
Bottom of the 5th over - 0 run(s), 0 hit(s), 0 error(s), 0 left on base; Walla Walla 6 - Grand Forks 0
TOP OF THE 6TH
Walla Walla Walleye batting - Pitching for Grand Forks Caterpillars : LHP Gilberto Blanca
Batting: RHB Nelson Jaramillo 0-0: Called Strike
0-1: Called Strike
0-2: Strikes out swinging
Batting: RHB Taylor Landis 0-0: Ball
1-0: Swinging Strike
1-1: Called Strike
1-2: Foul Ball, location: 2F
1-2: Foul Ball, location: 2F
1-2: Foul Ball, location: 2F
1-2: Foul Ball, location: 2F
1-2: Strikes out swinging
Batting: LHB Rim Hong-Do 0-0: Ball
1-0: Foul Ball, location: 2F
1-1: Foul Ball, location: 2F
1-2: Strikes out swinging
Top of the 6th over - 0 run(s), 0 hit(s), 0 error(s), 0 left on base; Walla Walla 6 - Grand Forks 0
BOTTOM OF THE 6TH
Grand Forks Caterpillars batting - Pitching for Walla Walla Walleye : RHP Luis Bustamante
Batting: RHB Wu-shiun Wang 0-0: Ball
1-0: SINGLE (Groundball, 56S) (infield hit)
Batting: LHB Gary Malone 0-0: Ball
Throwing error on steal attempt, E2
Wu-shiun Wang to third
1-0: Ground out 4-3 (Groundball, 34)
Wu-shiun Wang scores
Batting: LHB Michael Woodard 0-0: Called Strike
0-1: Foul Ball, location: 2F
0-2: Foul Ball, location: 2F
0-2: Ball
1-2: Foul Ball, location: 2F
1-2: Ball
2-2: Ground out 4-3 (Groundball, 4)
Batting: RHB Elvis Norfleet 0-0: SINGLE (Line Drive, 9S)
Pitching: RHP Rich Overby
Batting: LHB Mike Goff 0-0: Ball
1-0: Ball
2-0: Called Strike
2-1: Foul Ball, location: 2F
2-2: Strikes out looking
Bottom of the 6th over - 1 run(s), 2 hit(s), 1 error(s), 1 left on base; Walla Walla 6 - Grand Forks 1
TOP OF THE 7TH
Walla Walla Walleye batting - Pitching for Grand Forks Caterpillars : LHP Gilberto Blanca
Batting: RHB José Mercado 0-0: Ball
1-0: Ground out 5-3 (Groundball, 56S)
Batting: LHB Gareth Monahan 0-0: Foul Ball, location: 2F
0-1: Fly out, F6 (Popup, 56D)
Batting: RHB Shuichi Saito 0-0: Ball
1-0: Ground out 5-3 (Groundball, 5)
Top of the 7th over - 0 run(s), 0 hit(s), 0 error(s), 0 left on base; Walla Walla 6 - Grand Forks 1
BOTTOM OF THE 7TH
Grand Forks Caterpillars batting - Pitching for Walla Walla Walleye : RHP Rich Overby
Batting: RHB Dolla Head 0-0: Fly out, F8 (Flyball, 8RM)
Batting: SHB Leo Szilard 0-0: Ball
1-0: Foul Ball, location: 2F
1-1: Foul Ball, location: 2F
1-2: Ball
2-2: Ball
3-2: Foul Ball, location: 2F
3-2: Base on Balls
Batting: RHB Craig Tricket 0-0: Swinging Strike
0-1: Fly out, F7 (Line Drive, 7LM)
Batting: LHB Alberto Garza 0-0: Called Strike
Leo Szilard is caught stealing 2nd base
Bottom of the 7th over - 0 run(s), 0 hit(s), 0 error(s), 0 left on base; Walla Walla 6 - Grand Forks 1
TOP OF THE 8TH
Walla Walla Walleye batting - Pitching for Grand Forks Caterpillars : LHP Gilberto Blanca
Batting: RHB Leonardo Medina 0-0: SOLO HOME RUN (Flyball, 78XD), Distance : 410 ft
Batting: RHB Cody Jaeckel 0-0: Called Strike
0-1: Ball
1-1: Foul Ball, location: 2F
1-2: Strikes out swinging
Batting: LHB Javier Reyes 0-0: Foul Ball, location: 2F
0-1: Ball
1-1: Ground out 4-3 (Groundball, 4D)
Batting: RHB Nelson Jaramillo 0-0: Ball
1-0: Ball
2-0: Ground out 5-3 (Groundball, 56)
Top of the 8th over - 1 run(s), 1 hit(s), 0 error(s), 0 left on base; Walla Walla 7 - Grand Forks 1
BOTTOM OF THE 8TH
Grand Forks Caterpillars batting - Pitching for Walla Walla Walleye : RHP Rich Overby
Now at SS: Chavo Guerrero, Jr.
Batting: LHB Alberto Garza 0-0: Ball
1-0: Reached on error, E6 (Groundball, 56D)
Batting: RHB Wu-shiun Wang 0-0: Fielders Choice at 2nd, 6-4 (Groundball, 6)
Batting: LHB Gary Malone 0-0: Called Strike
0-1: Ball
1-1: Ball
2-1: Ball
3-1: Fielders Choice at 2nd, 3-6 (Groundball, 34)
Batting: LHB Michael Woodard 0-0: Ball
1-0: Swinging Strike
1-1: Ball
2-1: Called Strike
2-2: Strikes out swinging
Bottom of the 8th over - 0 run(s), 0 hit(s), 1 error(s), 1 left on base; Walla Walla 7 - Grand Forks 1
TOP OF THE 9TH
Walla Walla Walleye batting - Pitching for Grand Forks Caterpillars : LHP Gilberto Blanca
Batting: RHB Taylor Landis 0-0: Ball
1-0: SINGLE (Flyball, 7LS)
Batting: LHB Rim Hong-Do 0-0: Swinging Strike
0-1: Swinging Strike
0-2: Foul Ball, location: 2F
0-2: Strikes out swinging
Batting: RHB José Mercado 0-0: Swinging Strike
0-1: Ball
1-1: SINGLE (Flyball, 78S)
Taylor Landis to second
Pitching: RHP Manuel Medina
Batting: LHB Gareth Monahan 0-0: Ball
1-0: Foul Ball, location: 2F
1-1: Foul Ball, location: 2F
1-2: SINGLE (Line Drive, 4M)
Taylor Landis to third
José Mercado to second
Batting: RHB Shuichi Saito 0-0: Ball
1-0: Foul Ball, location: 2F
1-1: Ball
2-1: Ball
3-1: Foul Ball, location: 2F
3-2: Base on Balls
Taylor Landis scores
José Mercado to third
Gareth Monahan to second
Batting: RHB Leonardo Medina 0-0: Ball
1-0: Called Strike
1-1: Ball
2-1: Called Strike
2-2: Strikes out swinging
Batting: RHB Cody Jaeckel 0-0: Ball
1-0: Ball
2-0: Ground out 6-3 (Groundball, 6MS)
Top of the 9th over - 1 run(s), 3 hit(s), 0 error(s), 3 left on base; Walla Walla 8 - Grand Forks 1
BOTTOM OF THE 9TH
Grand Forks Caterpillars batting - Pitching for Walla Walla Walleye : RHP Rich Overby
Now at C: Joaquín Villarreal
Now at 2B: Rex Criscuolo
Batting: RHB Elvis Norfleet 0-0: Ball
1-0: Called Strike
1-1: SINGLE (Groundball, 56D)
Batting: LHB Mike Goff 0-0: Foul Ball, location: 2F
0-1: Fielders Choice at 2nd, 3-6 (Groundball, 34)
Batting: RHB Dolla Head 0-0: Called Strike
0-1: Swinging Strike
0-2: Ball
1-2: SINGLE (Flyball, 8RS)
Mike Goff to second
Batting: SHB Leo Szilard 0-0: Ball
1-0: Swinging Strike
1-1: Fly out, F7 (Line Drive, 78M)
Batting: RHB Craig Tricket 0-0: Ball
1-0: Ball
2-0: Ball
Passed Ball!
Mike Goff to third
Dolla Head to second
3-0: Called Strike
3-1: Swinging Strike
3-2: Strikes out swinging
Bottom of the 9th over - 0 run(s), 2 hit(s), 0 error(s), 2 left on base; Walla Walla 8 - Grand Forks 1
Saturday, May 26th, 2018 - OOTP Baseball 17.12 Build 75